 Dungeon Sprint DCSS version 0.31.0-11-ge490571c62 (webtiles) character file.

Game seed: 1262011231974095093

66 boopmooplesden the Slasher (level 3, 0/54 HPs)
             Began as an Armataur Berserker on Feb 2, 2024.
             Was a Believer of Trog.
             Succumbed to a scorpion's poison
             ... in the Dungeon (Sprint VII: "The Pits").
             The game lasted 00:00:27 (74 turns).

boopmooplesden the Slasher (Armataur Berserker)       Turns: 74, Time: 00:00:27

Health: 0/54       AC:  4    Str: 24    XL:     3   Next: 96%
Magic:  3/3        EV: 10    Int:  7    God:    Trog [**....]
Gold:   0          SH:  0    Dex:  9    Spells: 2/2 levels left

rFire   . . .        i - +2 falchion
rCold   . . .        (no shield)
rNeg    . . .        b - +0 animal skin
rPois   .            (no helmet)
rElec   .            (no cloak)
rCorr   .            (no gloves)
SInv    .            (no barding)
Will    .....        (no amulet) Stlth
                     (no ring)
HPRegen 0.29/turn    (no ring)
MPRegen 0.08/turn

%: no teleportation, roll
@: berserking (expiring), lethally poisoned (0 -> -3), very quick
A: large, deformed body, tough skin 3, armoured tail, roll 1
a: Renounce Religion, Berserk, Trog's Hand


You were in the Dungeon.
You worshipped Trog.
Trog was pleased with you.
You visited 1 branch

Inventory:

Hand Weapons
 a - a +0 falchion
 i - a +2 falchion (weapon)
Armour
 b - a +0 animal skin (worn)
Scrolls
 h - a scroll of blinking
 k - 2 scrolls of vulnerability
 l - a scroll of summoning
Potions
 c - a potion of curing
 d - a potion of heal wounds
 e - a potion of haste
 f - 4 potions of magic
 g - 3 potions of berserk rage
 j - 2 potions of invisibility


   Skills:
 + Level 5.1 Fighting
 + Level 5.3 Long Blades
 + Level 3.7 Armour
 + Level 2.1 Dodging
 + Level 1.0 Stealth


You had 2 spell levels left.
You didn't know any spells.
Your spell library was empty.

Dungeon Overview and Level Annotations

Branches:
Dungeon (1/1)

Altars:


Innate Abilities, Weirdness & Mutations

Armour fits poorly on your strangely shaped body.
You have extremely tough skin. (AC +3)
You have a long armoured tail.
You regenerate magic when rolling toward enemies. (Rampage MPRegen)


Message History

You are lethally poisoned!
The scorpion poisons you!
A red film seems to cover your vision as you go berserk!
You feel yourself moving faster!
You feel mighty!
You feel sick. The scorpion closely misses you.
You barely miss the scorpion.
The scorpion is lightly wounded.
* * * LOW HITPOINT WARNING * * *
You feel sick. The scorpion stings you.
* * * LOW HITPOINT WARNING * * *
You closely miss the scorpion.
The scorpion is lightly wounded.
* * * LOW HITPOINT WARNING * * *
You feel sick.
The scorpion stings you but does no damage.
You completely miss the scorpion. You tail-slap the scorpion!
The scorpion is severely wounded.
* * * LOW HITPOINT WARNING * * *
You feel sick.
You slash the scorpion!
You kill the scorpion!
Trog accepts your kill.
* * * LOW HITPOINT WARNING * * *
You feel sick.
Your Fighting skill gained 2 levels and is now at level 5!
Your Long Blades skill gained 2 levels and is now at level 5!
Your Armour skill increases to level 3!
Your Dodging skill increases to level 2!
Your Stealth skill increases to level 1!
You have reached level 2!
You have reached level 3!
Your experience leads to an increase in your attributes!
Increase (S)trength, (I)ntelligence, or (D)exterity?
You feel stronger. x2
* * * LOW HITPOINT WARNING * * *
You feel sick.
You feel a strong urge to attack something.
There is an open door here.
You are too berserk!
You die...

##########++
##########+##...........
#.?(.')))'.##......#..#.
##########.##...........
#.......@..)'...........
+#####'#####......#..#.
#..#..#..##...........
#..†..'.)#####'#####++
##+####+###.......#
#.......# #.......#
#...<...# #.......#


There were no monsters in sight!

Vanquished Creatures
  A scorpion (D)
  A giant cockroach (D)
  2 goblins (D)
  A ball python (D)
  A rat (D)
6 creatures vanquished.

Notes
Turn   | Place    | Note
-------+----------+-------------------------------------------
     0 | D        | boopmooplesden the Armataur Berserker began the quest for
                  | the Orb.
     0 | D        | Reached XP level 1. HP: 18/18 MP: 1/1
    54 | D        | Reached ** piety under Trog
    61 | D        | Noticed a scorpion
    70 | D        | HP: 1/28 [poisoned by a scorpion]
    71 | D        | Killed a scorpion
    72 | D        | Reached skill level 5 in Fighting
    72 | D        | Reached skill level 5 in Long Blades
    72 | D        | Reached skill level 1 in Stealth
    72 | D        | Reached XP level 2. HP: 1/29 MP: 2/2
    72 | D        | Reached XP level 3. HP: 2/36 MP: 3/3
    74 | D        | Succumbed to a scorpion's poison

Illustrated notes

Levels and vault maps discovered:
D:        pitsprint [storerooms_1, entrance_room_1, metal_vault_7, armoury_1,
          mini_pit_1, grid_room_1, main_hall_1, silver_pit, the_coven_1,
          the_vestibule_1, steel_vault_5, golden_pit, hallway_of_sentries,
          crystal_vault_4, iron_vault_5, final_vault]

Skill      XL: |  1 |
---------------+----+-----
Long Blades    | 5 |  5.3
Fighting       | 5 |  5.1
Armour         | 3 |  3.7
Dodging        | 2 |  2.1
Stealth        | 1 |  1.0

Action                     || total
---------------------------++-------
  Melee: Falchion          ||    14
         Tailslap          ||     1
 Invoke: Berserk           ||     1
   Stab: Sleeping          ||     1
 Armour: Animal skin       ||     7
  Dodge: Dodged            ||     7
